 Dungeon Crawl Stone Soup version 0.21-a0-529-g8c7b3f5 (webtiles) character file.

27 kae the Ruffian (level 2, -3/29 HPs)
             Began as a Troll Monk on Dec 10, 2017.
             Slain by a hobgoblin
             ... wielding a +0 club
             ... led by Robin
              (4 damage)
             ... on level 1 of the Dungeon.
             The game lasted 00:00:59 (727 turns).

kae the Ruffian (Troll Monk)                         Turns: 727, Time: 00:01:00

Health: -3/29      AC:  5    Str: 18    XL:     2   Next: 93%
Magic:  1/1        EV: 10    Int:  6    God:
Gold:   44         SH:  0    Dex: 12    Spells: 1/1 levels left

rFire    . . .     SeeInvis .     - Unarmed
rCold    . . .     Gourm    +   (no shield)
rNeg     . . .     Faith    .   a - +0 robe
rPois    .         Spirit   .   (helmet restricted)
rElec    .         Reflect  .   (no cloak)
rCorr    .         Harm     .   (gloves unavailable)
MR       .....                  (boots unavailable)
Stlth    ++........             (no amulet)
HPRegen  0.49/turn              (no ring)
MPRegen  0.07/turn              (no ring)

@: no status effects
A: large, unfitting armour, claws 3, fast metabolism 3, gourmand, regeneration
1, shaggy fur 1, tough skin 2
a: no special abilities


You were on level 1 of the Dungeon.
You were near starving.

You visited 1 branch of the dungeon, and saw 2 of its levels.

You collected 44 gold pieces.

Inventory:

Armour
 a - a +0 robe (worn)
Scrolls
 c - a scroll of fear {unknown}
 d - a scroll of enchant armour {unknown}
 e - 2 scrolls of identify {unknown}
 g - a scroll of fog {unknown}
 i - a scroll of immolation {unknown}
Potions
 h - 2 potions of invisibility {unknown}
Comestibles
 b - 2 bread rations
 f - a royal jelly


   Skills:
 + Level 2.6 Fighting
 + Level 2.7 Dodging
 - Level 1.0 Stealth
 * Level 3.6 Unarmed Combat


You had one spell level left.
You didn't know any spells.

Dungeon Overview and Level Annotations

Branches:
Dungeon (2/15)

Altars:

Annotations:
D:2 Robin


Innate Abilities, Weirdness & Mutations

You are too large for most types of armour.
You have claws for hands.
Your metabolism is lightning-fast.
You like to eat raw meat.
Your natural rate of healing is unusually fast.
You are covered in fur. (AC +1)
You have very tough skin. (AC +2)


Message History

Unknown command.
Unknown command.
You closely miss the goblin. The goblin closely misses you.
The goblin hits you with a dagger! The hobgoblin hits you with a club!
The goblin hits you but does no damage. x2
You are too injured to fight recklessly!
The goblin barely misses you. The goblin hits you but does no damage.
The goblin barely misses you. The hobgoblin hits you with a club.
* * * LOW HITPOINT WARNING * * *
You see here a club.
There is a stone staircase leading down here.
The goblin hits you with a dagger.
* * * LOW HITPOINT WARNING * * *
There is a stone staircase leading down here.
The hobgoblin hits you but does no damage.
You open the door. The goblin barely misses you. The goblin hits you.
* * * LOW HITPOINT WARNING * * *
The hobgoblin hits you with a club.
You die...

##.#.###.....##.##
##.## #.#
#.#.##..........###.##
#.#
#.#.###.....###....##
#.# ##.#.# ##...##
#.#.## #.# #..#.# #..##
#.#.# #.# #.##.# #..#
#.#.# #.# #....#
#..########### #.#
#.####
#....#g...รท..### ##.##
#.#
#.#..@ggg>)>)'[###...#
#.#
#.#.##g......#.....#.#
#.#
#.#.##########.###)..#
#.# #....#.......#.#
##.## #.#
#.##.+...<...'.# #.#
#.# #.####.......###
#.#
##.#######....#########
##.##
#..........###.#####.#
##...#
##....................#
##.###.


You could see a hobgoblin and 4 goblins.

Vanquished Creatures
  2 leopard geckos (D:1)
  2 bats (D:1)
  6 hobgoblins (D:1)
  3 kobolds (D:1)
  2 frilled lizards (D:1)
  5 goblins (D:1)
  2 rats (D:1)
22 creatures vanquished.

Notes
Turn   | Place    | Note
-------+----------+-------------------------------------------
     0 | D:1      | kae the Troll Monk began the quest for the Orb.
     0 | D:1      | Reached XP level 1. HP: 22/22 MP: 0/0
    86 | D:1      | Reached XP level 2. HP: 29/29 MP: 1/1
   672 | D:2      | Noticed Robin
   723 | D:1      | HP: 1/29 [goblin/dagger[Robin] (5)]
   727 | D:1      | Slain by a hobgoblin

Vault maps used:
D:1:      minmay_arrival_up_and_down, minmay_cut_off
D:2:      uniq_terence, uniq_robin

Action                   || total
-------------------------++-------
Melee: Unarmed           ||    59
       Punch             ||     1
 Stab: Sleeping          ||     2
  Eat: Chunk             ||     2
Armor: Robe              ||    34
Dodge: Dodged            ||    55

Table legend:
 A = Spawn XP
 B = Non-spawn XP
 C = Spawn XP percentage of total XP
 D = Spawn monster count
 E = Non-spawn monster count
 F = Spawn count percentage of total count
 G = Total turns spent on level
                    A         B        C        D         E        F      G
               +---------+---------+-------+---------+---------+-------+---------
         Total |       0 |      39 |   0.0 |       0 |      22 |   0.0 |   727
               +---------+---------+-------+---------+---------+-------+---------
           D:1 |       0 |      39 |   0.0 |       0 |      22 |   0.0 |   721
               +---------+---------+-------+---------+---------+-------+---------
